 Dungeon Crawl Stone Soup version 0.31.0-32-g396128a36d (webtiles) character file.

Game seed: 3320831413419664130

341 PaiMei the Gusty (level 6, -3/36 HPs)
             Began as a Tengu Air Elementalist on Mar 18, 2024.
             Killed by nerve-wracking pain
             ... invoked by Grinder
              (5 damage)
             ... while paralysed by Grinder
             ... on level 4 of the Dungeon.
             The game lasted 00:05:08 (3523 turns).

PaiMei the Gusty (Tengu Air Elementalist)           Turns: 3523, Time: 00:05:08

Health: -3/36      AC:  3    Str:  8    XL:     6   Next: 56%
Magic:  9/20       EV:  2    Int: 17    God:
Gold:   174        SH:  0    Dex: 21    Spells: 10/11 levels left

rFire   . . .        c - +2 dagger (elec)
rCold   . . .        (no shield)
rNeg    . . .        a - +0 robe
rPois   .            (helmet restricted)
rElec   .            (no cloak)
rCorr   .            o - +0 pair of gloves
SInv    .            (boots unavailable)
Will    .....        (no amulet)
Stlth   ++           k - +6 ring of dexterity
HPRegen 0.26/turn    r - ring of magical power
MPRegen 0.17/turn

%: acrobat
@: paralysed
A: beak, talons 3, acrobatic
a: no special abilities


You were on level 4 of the Dungeon.
You visited 1 branch of the dungeon, and saw 4 of its levels.

You collected 174 gold pieces.

Inventory:

Hand Weapons
 c - a +2 dagger of electrocution (weapon)
 i - a +2 dagger of protection
 A - a +2 spear of flaming
Missiles
 l - 5 poisoned darts (quivered)
Armour
 a - a +0 robe (worn)
 o - a +0 pair of gloves (worn)
 B - a +3 scale mail of positive energy
Jewellery
 k - a +6 ring of dexterity (left hand)
 r - a ring of magical power (right hand)
 u - a ring of ice
 w - a ring of flight
Wands
 y - a wand of paralysis (12)
Scrolls
 g - a scroll of enchant weapon {unknown}
 h - a scroll of vulnerability {unknown}
 j - a scroll of silence {unknown}
 m - 3 scrolls of enchant armour {unknown}
 n - a scroll of noise {unknown}
 p - a scroll of fear {unknown}
 q - 2 scrolls of identify {unknown}
 s - 2 scrolls of teleportation {unknown}
 v - a scroll of fog {unknown}
 x - a scroll of torment {unknown}
Potions
 b - a potion of magic
 d - 2 potions of resistance {unknown}
 e - 3 potions of heal wounds {unknown}
 f - 2 potions of might {unknown}
 t - a potion of brilliance {unknown}
 z - a potion of curing {unknown}


   Skills:
 + Level 2.5 Fighting
 + Level 3.7 Dodging
 - Level 2.1 Stealth
 + Level 3.2 Spellcasting
 + Level 3.9 Conjurations
 + Level 5.5 Air Magic


You had 10 spell levels left.
You knew the following spells:

 Your Spells              Type           Power      Damage    Failure   Level
a - Shock                 Conj/Air       72%        1d7       2%          1

Your spell library contained the following spells:

 Spells                   Type           Power      Damage    Failure   Level
 Static Discharge         Conj/Air       36%        3-5/arc   3%          2
 Swiftness                Air            21%        N/A       5%          3
 Mercury Vapours          Alch/Air       24%        N/A       9%          2
 Mephitic Cloud           Conj/Alch/Air  13%        N/A       14%         3
 Slow                     Hex            8%         N/A       17%         1
 Airstrike                Air            10%        2d(2-18)  19%         4
 Confusing Touch          Hex            2%         N/A       45%         3
 Fugue of the Fallen      Necr           2%         N/A       45%         3
 Ozocubu's Armour         Ice            2%         N/A       45%         3
 Sigil of Binding         Hex            2%         N/A       45%         3
 Vampiric Draining        Necr           2%         2d6       45%         3
 Freezing Cloud           Conj/Ice/Air   6%         6-21      78%         5
 Manifold Assault         Tloc           2%         N/A       86%         4


Dungeon Overview and Level Annotations

Branches:
Dungeon (4/15)
 Temple: D:4-7

Altars:

Annotations:
D:4 Grinder


Innate Abilities, Weirdness & Mutations

You have a beak for a mouth.
You have claws for feet.
You can magically evade attacks while moving or waiting.


Message History

Aiming: Shock (safe; 2% risk of failure)
Press: ? - help, Shift-Dir - straight line, f/p - Grinder
Aim: Grinder (heavily wounded, 68% to hit)
The zap misses Grinder.
Grinder hits you.
You writhe in agony.
Casting: Shock (safe; 2% risk of failure)
Confirm with . or Enter, or press ? or * to list all spells.
Aiming: Shock (safe; 2% risk of failure)
Press: ? - help, Shift-Dir - straight line, f/p - Grinder
Aim: Grinder (heavily wounded, 68% to hit)
The zap hits Grinder.
Grinder is heavily wounded.
Grinder barely misses you.
Casting: Shock (safe; 2% risk of failure)
Confirm with . or Enter, or press ? or * to list all spells.
Aiming: Shock (safe; 2% risk of failure)
Press: ? - help, Shift-Dir - straight line, f/p - Grinder
Aim: Grinder (heavily wounded, 68% to hit)
The zap hits Grinder.
Grinder is heavily wounded.
Grinder closely misses you.
Casting: Shock (safe; 2% risk of failure)
Confirm with . or Enter, or press ? or * to list all spells.
Aiming: Shock (safe; 2% risk of failure)
Press: ? - help, Shift-Dir - straight line, f/p - Grinder
Aim: Grinder (heavily wounded, 68% to hit)
The zap hits Grinder.
Grinder is severely wounded.
Grinder gestures at you.
You suddenly lose the ability to move!
Grinder hits you.
* * * LOW HITPOINT WARNING * * *
You writhe in agony.
* * * LOW HITPOINT WARNING * * *
Grinder gestures at you.
You shrug off the repeated paralysis!
Grinder hits you but does no damage. Grinder gestures at you.
Pain shoots through your body!
You die...
Grinder says, "Hey, I wasn't done torturing you yet!"

..... ...... # .....
.# # #. ##..# #.##.
#.###...## ....
#........## ##.#
##..5....## ##..#
#...@.....####...####
+.........'..........
#.........####...####
##.......## ##..#
##.....## ##(#
##...## #.# ##+## #.#
#.# #.# #.# #.#


You could see Grinder.

Vanquished Creatures
  Sigmund (D:3)
  A bombardier beetle (D:3)
  Ijyb (D:3)
  Terence (D:3)
  Robin (D:3)
  An adder (D:2)
  2 ribbon worms
  2 ball pythons
  6 bats
  5 endoplasms
  2 giant cockroaches (D:1)
  16 goblins
  10 hobgoblins
  7 jackals (D:1)
  5 kobolds
  3 quokkas
  6 frilled lizards
  7 rats
77 creatures vanquished.

Notes
Turn   | Place    | Note
-------+----------+-------------------------------------------
     0 | D:1      | PaiMei the Tengu Air Elementalist began the quest for the
                  | Orb.
     0 | D:1      | Reached XP level 1. HP: 10/10 MP: 4/4
   181 | D:1      | Reached XP level 2. HP: 7/15 MP: 0/6
   686 | D:1      | Reached XP level 3. HP: 20/20 MP: 5/7
  1270 | D:2      | Reached skill level 1 in Fighting
  1529 | D:2      | Reached XP level 4. HP: 24/25 MP: 3/8
  2486 | D:3      | Noticed Terence
  2839 | D:3      | Noticed Robin
  2839 | D:3      | Noticed Ijyb
  2847 | D:3      | Killed Robin
  2848 | D:3      | Reached XP level 5. HP: 15/29 MP: 10/10
  2869 | D:3      | Paralysed by Ijyb for 3 turns
  2882 | D:3      | Killed Ijyb
  3005 | D:3      | Reached skill level 5 in Air Magic
  3007 | D:3      | Noticed Sigmund
  3040 | D:3      | Killed Sigmund
  3041 | D:3      | Reached XP level 6. HP: 18/36 MP: 11/11
  3274 | D:3      | Killed Terence
  3504 | D:4      | Noticed Grinder
  3519 | D:4      | Paralysed by Grinder for 5 turns
  3523 | D:4      | Killed from afar by Grinder

Illustrated notes

Levels and vault maps discovered:
D:1:      scummos_arrival_simple_crosswalls, layout_basic, serial_park_tiny_2
D:2:      layout_loops_ring, serial_aquarium, aquarium_bridge_square
          [aquarium_subvault_wall, aquarium_subvault_window,
          aquarium_subvault_wall, aquarium_subvault_bridge], aquarium_window_1,
          aquarium_window_2, aquarium_window_1, aquarium_view_2c,
          aquarium_balcony_3a
D:3:      layout_basic, minmay_goblin_kobold_house, uniq_robin, uniq_sigmund,
          uniq_terence, uniq_ijyb
D:4:      layout_loops_corners, mainiacjoe_overflow_24_doors, uniq_grinder,
          uniq_eustachio

Skill      XL: |  1  2  3  4  5 |
---------------+----------------+-----
Conjurations   | 2 3 |  3.9
Fighting       | 1 2 |  2.5
Dodging        | 3 |  3.7
Air Magic      | 5 |  5.5
Spellcasting   | 3 |  3.2
Stealth        | |  2.1

Action                     |  1- 3 |  4- 6 || total
---------------------------+-------+-------++-------
  Melee: Dagger            |     9 |    13 ||    22
         Peck              |     1 |     3 ||     4
         Kick              |     1 |     5 ||     6
   Cast: Shock             |    80 |    91 ||   171
 Armour: Robe              |     9 |    21 ||    30
  Dodge: Dodged            |    13 |    31 ||    44
